 Dungeon Sprint DCSS version 0.27-a0-1281-ge233d83751 (webtiles) character file.

Game seed: 3141657126080656326

298929 mhtbhm the Shatterer (level 13, 150/150 HPs)
             Began as a Minotaur Berserker on June 13, 2021.
             Was an Elder of Trog.
             Escaped with the Orb!
             The game lasted 00:16:16 (7384 turns).

mhtbhm the Shatterer (Minotaur Berserker)           Turns: 7384, Time: 00:16:16

Health: 150/150    AC: 44    Str: 32    XL:     13   Next: 98%
Magic:  12/12      EV: 13    Int:  4    God:    Trog [****..]
Gold:   2778       SH:  5    Dex: 11    Spells: 12/12 levels left

rFire    + . .     SeeInvis .   C - +0 dire flail (holy)
rCold    + . .     Faith    .   (shield currently unavailable)
rNeg     . . .     Spirit   .   b - +11 plate armour of Tof Baco {Harm Rampage Will+}
rPois    +         Reflect  +   H - +1 hat
rElec    +         Harm     +   k - +4 dragonskin cloak
rCorr    +         Rampage  +   l - +1 pair of gloves {Stlth+}
Will     +....     NoTele   +   n - +0 pair of boots {Fly}
Stlth    ..........             J - amulet of reflection
HPRegen  0.35/turn              t - +4 ring of protection
MPRegen  0.13/turn              B - ring "Yruer" {rElec rPois rCorr Str+6 Slay-3}

@: flying
A: horns 2, retaliatory headbutt, screaming 1
0: Orb of Zot
a: Renounce Religion, Berserk, Trog's Hand, Brothers in Arms


You escaped.
You worshipped Trog.
Trog was greatly pleased with you.
You visited 1 branch You collected 6756 gold pieces.
You spent 3978 gold pieces at shops.

Inventory:

Hand Weapons
 a - a +3 vorpal dire flail
 x - a +5 dire flail
 C - a +0 dire flail of holy wrath (weapon)
Missiles
 c - 5 curare-tipped darts (quivered)
 o - a throwing net
Armour
 b - the +11 plate armour of Tof Baco (worn) {Harm Rampage Will+}
   (You bought it in a shop in the Dungeon)

   It increases damage dealt and taken.
   It bestows one free step when moving towards enemies.
   It increases your willpower.
 k - the +4 dragonskin cloak (worn)
   (You took it off Tiamat in the Dungeon)
 l - a +1 pair of gloves of stealth (worn)
 n - a +0 pair of boots of flying (worn)
 z - a +1 plate armour of fire resistance
 H - a +1 hat (worn)
 I - the +0 pair of gloves "Xomiq" {Drain +Inv rElec Int+4}
   (You bought it in a shop in the Dungeon)

   It affects your intelligence (+4).
   It insulates you from electricity.
   It lets you turn invisible.
   It drains your maximum health when unequipped.
Jewellery
 t - a +4 ring of protection (left hand)
 w - a ring of see invisible
 y - an amulet of the acrobat
 B - the ring "Yruer" (right hand) {rElec rPois rCorr Str+6 Slay-3}
   (You found it in the Dungeon)

   [ring of resist corrosion]

   It affects your strength (+6).
   It affects your accuracy and damage with ranged weapons and melee attacks
   (-3).
   It insulates you from electricity.
   It protects you from poison.
   It protects you from acid and corrosion.
 D - a ring of protection from fire
 E - a ring of positive energy
 J - an amulet of reflection (around neck)
Wands
 h - a wand of iceblast (6)
 i - a wand of digging (1)
 s - a wand of flame (23)
Scrolls
 j - 4 scrolls of enchant armour
 p - 3 scrolls of identify
 q - 2 scrolls of holy word
 u - a scroll of silence
 G - a scroll of immolation
Potions
 d - a potion of heal wounds
 e - 2 potions of haste
 f - 4 potions of magic
 g - a potion of berserk rage
 m - a potion of ambrosia
 r - a potion of curing
 v - a potion of mutation
Miscellaneous
 F - a box of beasts


   Skills:
 + Level 24.2 Fighting
 + Level 25.1 Maces & Flails
 + Level 18.6 Armour
 + Level 12.4 Dodging
 + Level 7.2 Stealth
 + Level 3.1 Evocations


You had 12 spell levels left.
You didn't know any spells.
Your spell library was empty.

Dungeon Overview and Level Annotations

Branches:
Dungeon (1/1)

Altars:
Cheibriados
Dithmenos
Elyvilon
Fedhas
Gozag
Hepliaklqana
Kikubaaqudgha
Makhleb
Nemelex Xobeh
Okawaru
Qazlal
Ru
Sif Muna
Trog
Uskayaw
Vehumet
Wu Jian
Xom
Yredelemnul
Zin
The Shining One
Jiyva
Lugonu

Shops:
D [*[[=[(*([*[?[(**(?[(*


Innate Abilities, Weirdness & Mutations

You have a pair of horns on your head.
You reflexively headbutt those who attack you in melee.
You occasionally shout uncontrollably at your foes.


Message History

You see here a +3 dire flail.
A monstrous demonspawn and a torturous demonspawn come into view.
The torturous demonspawn is wielding a +1 demon trident of flaming.
You hear a chilling moan.
The torturous demonspawn shouts!
There is an open door, spattered with blood here.
Things that are here:
a +2 great mace; a +2 vorpal halberd
There is an open door here.
An infernal black sun comes into view. It is wielding a +0 morningstar.
The infernal black sun shouts!
The infernal black sun mumbles some strange prayers to Kikubaaqudgha.
The infernal black sun begins absorbing vital energies!
There is an open door here.
You see here the +8 glaive of Agony {antimagic, Drain rF+++ rC- Dex+8}.
You hit the infernal black sun but do no damage.
The infernal black sun is lightly wounded.
You crush the infernal black sun like a grape!!!
The infernal black sun convulses!!!!
You kill the infernal black sun!
Trog accepts your kill.
You can now call in reinforcements.
There is an open door, spattered with blood here.
Things that are here:
a +0 morningstar; a +0 scale mail; an infernal demonspawn corpse You see here the +8 glaive of Agony {antimagic, Drain rF+++ rC- Dex+8}.
Things that are here:
a +2 dagger of speed; a +0 robe
There is an open door here.
There is an open door here.
There is an open door, spattered with blood here.
There is an open door here.
Things that are here:
a +0 scythe; a +0 robe
There is an open door here.
There is an open door, spattered with blood here.
You see here a +0 giant club.
You see here a +0 animal skin.
There is an open door here.
You see here a +0 dagger.
There is a staircase leading out of the dungeon here.
You have escaped!

##################
#@.#..)..#..'..#__
#..)[.#..').#..'..
#..#####'#####'#__
#..####..#...#[###
#..#__####..##.#§§
#..#_____##'#_.'§§
#⌠⌠#_.∩...'..._#≈§
#..._..__##_.#'##'
#..#_____###'#(#.)


There were no monsters in sight!

Vanquished Creatures
  Lom Lobon (D)
  Tiamat (D)
  A golden dragon (D)
  A deep elf master archer (D)
  A shadow dragon (D)
  A daeva (D)
  4 fire giants (D)
  A black sun (D)
  A lorocyproca (D)
  A mummy priest (D)
  A hydra (D)
  2 centaur warriors (D)
  Sonja (D)
  A deep troll (D)
  A lindwurm (D)
  2 oklob plants (D)
  A merfolk siren (D)
  A gargoyle (D)
  7 unseen horrors (D)
  2 kobold demonologists (D)
  4 demonic crawlers (D)
  A meliai (D)
  2 hornets (D)
  A slime creature (D)
  Sigmund (D)
  2 redbacks (D)
  13 hogs (D)
  A yak (D)
  3 floating eyes (D)
  An ogre (D)
  7 necrophages (D)
  8 jellies (D)
  Ijyb (D)
77 creatures vanquished.

Vanquished Creatures (collateral kills)
  the Lernaean hydra (D)
  A deep elf annihilator (D)
  8 shining eyes (D)
  A gargoyle (D)
  A merfolk siren (D)
  A hellwing (D)
  3 hornets (D)
  4 floating eyes (D)
20 creatures vanquished.

Vanquished Creatures (others)
  An Orb Guardian (D)
  A torturous demonspawn (D)
  6 ball lightnings (D)
  2 ballistomycete spores (D)
10 creatures vanquished.

Grand Total: 107 creatures vanquished

Notes
Turn   | Place    | Note
-------+----------+-------------------------------------------
     0 | D        | mhtbhm the Minotaur Berserker began the quest for the Orb.
     0 | D        | Reached XP level 1. HP: 19/19 MP: 0/0
     2 | D        | Noticed Ijyb
     7 | D        | Killed Ijyb
     8 | D        | Reached skill level 5 in Fighting
     8 | D        | Reached skill level 5 in Maces & Flails
     8 | D        | Reached XP level 2. HP: 29/29 MP: 1/1
    48 | D        | Noticed an ogre
    51 | D        | Killed an ogre
    52 | D        | Reached skill level 7 in Maces & Flails
    52 | D        | Reached XP level 3. HP: 40/40 MP: 2/2
    52 | D        | Reached XP level 4. HP: 48/48 MP: 3/3
   203 | D        | Noticed Sigmund
   210 | D        | Killed Sigmund
   210 | D        | Reached ** piety under Trog
   211 | D        | Reached skill level 10 in Maces & Flails
   211 | D        | Reached skill level 5 in Armour
   211 | D        | Reached XP level 5. HP: 58/58 MP: 4/4
   211 | D        | Reached XP level 6. HP: 66/66 MP: 5/5
   258 | D        | Found an ornate altar of the Wu Jian Council.
   258 | D        | Found a shimmering blue altar of Sif Muna.
   260 | D        | Found a radiant altar of Vehumet.
   264 | D        | Reached skill level 10 in Fighting
   264 | D        | Reached skill level 5 in Dodging
   293 | D        | Found Xudwuitoa's Antique Armour Emporium.
   293 | D        | Found an ancient bone altar of Kikubaaqudgha.
   293 | D        | Found a hazy altar of Hepliaklqana.
   293 | D        | Found a stormy altar of Qazlal.
   293 | D        | Found a hide-covered altar of Uskayaw.
   293 | D        | Found a blossoming altar of Fedhas.
   293 | D        | Found a bloodstained altar of Trog.
   293 | D        | Found an iron altar of Okawaru.
   293 | D        | Found a basalt altar of Yredelemnul.
   293 | D        | Found a glowing golden altar of the Shining One.
   293 | D        | Found a snail-covered altar of Cheibriados.
   293 | D        | Found a sacrificial altar of Ru.
   293 | D        | Found a glowing silver altar of Zin.
   293 | D        | Found a shadowy altar of Dithmenos.
   293 | D        | Found a white marble altar of Elyvilon.
   293 | D        | Noticed a yak
   298 | D        | Killed a yak
   299 | D        | Reached skill level 11 in Maces & Flails
   299 | D        | Found an opulent altar of Gozag.
   300 | D        | Found a sparkling altar of Nemelex Xobeh.
   308 | D        | Bought a pair of embroidered boots for 195 gold pieces
   386 | D        | Found a burning altar of Makhleb.
   386 | D        | Found a viscous altar of Jiyva.
   386 | D        | Found a shimmering altar of Xom.
   386 | D        | Found a corrupted altar of Lugonu.
   386 | D        | Noticed a slime creature
   394 | D        | Killed a slime creature
   394 | D        | Reached *** piety under Trog
   395 | D        | Reached skill level 12 in Maces & Flails
   395 | D        | Reached XP level 7. HP: 42/75 MP: 6/6
   479 | D        | Bought a pair of runed gloves for 195 gold pieces
   653 | D        | Noticed a centaur warrior
   653 | D        | Noticed a centaur warrior
   661 | D        | Killed a centaur warrior
   662 | D        | Reached skill level 13 in Maces & Flails
   662 | D        | Reached skill level 1 in Stealth
   662 | D        | Reached XP level 8. HP: 83/86 MP: 7/7
   664 | D        | Killed a centaur warrior
   665 | D        | Reached skill level 14 in Maces & Flails
   843 | D        | Noticed a deep troll
   848 | D        | Killed a deep troll
   849 | D        | Reached skill level 15 in Fighting
   849 | D        | Reached skill level 15 in Maces & Flails
   849 | D        | Reached XP level 9. HP: 97/97 MP: 8/8
   861 | D        | Found Kujiostae's Armour Emporium.
   947 | D        | Paralysed by a hornet for 1 turns
  1068 | D        | Noticed an oklob plant
  1074 | D        | Killed an oklob plant
  1074 | D        | Reached **** piety under Trog
  1139 | D        | Reached skill level 16 in Maces & Flails
  1401 | D        | Killed an unseen horror
  1401 | D        | Reached ***** piety under Trog
  1470 | D        | Killed an unseen horror
  1590 | D        | Reached XP level 10. HP: 108/108 MP: 9/9
  1627 | D        | Received a gift from Trog
  1669 | D        | Reached skill level 10 in Armour
  1703 | D        | Reached ****** piety under Trog
  1703 | D        | Received a gift from Trog
  1704 | D        | Reached skill level 17 in Maces & Flails
  1704 | D        | Found the +7 mace of Variability {chain chaos}
  1834 | D        | Found Fixkaq's Assorted Antiques.
  1834 | D        | Found Leotum's Antique Weapon Shop.
  1834 | D        | Found Oney's Antique Weapon Boutique.
  1836 | D        | Found Luwi's Antique Armour Emporium.
  1836 | D        | Found Ruotih's General Store.
  1836 | D        | Found Purhug's Armour Shoppe.
  1836 | D        | Found Fiempef's Magic Scroll Boutique.
  1836 | D        | Found Xettuo's Armour Emporium.
  1836 | D        | Found Tapn's Weapon Shop.
  1836 | D        | Found Gijeddod's General Store.
  1840 | D        | Found Unicwuro's General Store.
  1841 | D        | Found Luhojutz's Magic Scroll Emporium.
  1841 | D        | Found Haruwkacuh's Weapon Boutique.
  1842 | D        | Found Muyciyfi's Antique Weapon Emporium.
  1853 | D        | Bought a scroll of blinking for 75 gold pieces
  1853 | D        | Bought a scroll of identify for 20 gold pieces
  1853 | D        | Bought a scroll of holy word for 75 gold pieces
  1853 | D        | Bought a scroll of enchant armour for 75 gold pieces
  1853 | D        | Bought a scroll of identify for 20 gold pieces
  1888 | D        | Noticed Sonja
  1899 | D        | Killed Sonja
  2083 | D        | Found Narrymm's Armour Boutique.
  2486 | D        | Identified the +8 glaive of Agony {antimagic, Drain rF+++
                  | rC- Dex+8} (Trog gifted it to you in the Dungeon)
  2486 | D        | Received a gift from Trog
  2490 | D        | Reached skill level 18 in Maces & Flails
  2668 | D        | Noticed a lindwurm
  2671 | D        | Killed a lindwurm
  2672 | D        | Reached skill level 10 in Dodging
  2672 | D        | Reached skill level 5 in Stealth
  2687 | D        | Received a gift from Trog
  2692 | D        | Reached XP level 11. HP: 119/119 MP: 10/10
  2701 | D        | Reached skill level 19 in Maces & Flails
  2703 | D        | Received a gift from Trog
  2734 | D        | Noticed a 12-headed hydra
  2739 | D        | Killed a 12-headed hydra
  2995 | D        | Bought a shimmering scale mail for 234 gold pieces
  2995 | D        | Identified the +1 scale mail of Idaxtem {-Cast Regen+ rCorr
                  | Str+9} (You bought it in a shop in the Dungeon)
  3081 | D        | Noticed a daeva
  3192 | D        | Received a gift from Trog
  3196 | D        | Reached skill level 20 in Maces & Flails
  3375 | D        | Killed a daeva
  3534 | D        | Noticed a fire giant
  3535 | D        | Noticed a fire giant
  3535 | D        | Noticed a fire giant
  3535 | D        | Noticed a fire giant
  3542 | D        | Killed a fire giant
  3542 | D        | Received a gift from Trog
  3543 | D        | Reached skill level 21 in Maces & Flails
  3546 | D        | Killed a fire giant
  3551 | D        | Killed a fire giant
  3552 | D        | Reached skill level 22 in Maces & Flails
  3552 | D        | Reached XP level 12. HP: 16/134 MP: 11/11
  3554 | D        | Killed a fire giant
  3662 | D        | Found the +4 dragonskin cloak
  3662 | D        | Noticed Tiamat
  3858 | D        | Noticed a shadow dragon
  3858 | D        | Noticed a golden dragon
  3868 | D        | Killed a golden dragon
  3869 | D        | Reached skill level 23 in Maces & Flails
  3869 | D        | Reached skill level 1 in Evocations
  3871 | D        | Killed a shadow dragon
  4046 | D        | Found Xuut's Assorted Antiques.
  4064 | D        | Bought a cabochon ring for 150 gold pieces
  4064 | D        | Bought a dented steel amulet for 150 gold pieces
  4273 | D        | Bought a glowing plate armour for 728 gold pieces
  4416 | D        | Noticed a deep elf annihilator
  4427 | D        | Received a gift from Trog
  4430 | D        | Paralysed by a hornet for 3 turns
  4437 | D        | Noticed a mummy priest
  4438 | D        | Killed a deep elf annihilator
  4665 | D        | Killed a mummy priest
  4665 | D        | Received a gift from Trog
  5015 | D        | Noticed the 27-headed Lernaean hydra
  5023 | D        | Killed the 27-headed Lernaean hydra
  5024 | D        | Reached skill level 24 in Maces & Flails
  5024 | D        | Reached XP level 13. HP: 95/145 MP: 12/12
  5329 | D        | Noticed a deep elf master archer
  5334 | D        | Killed a deep elf master archer
  5348 | D        | Identified the ring "Yruer" {rElec rPois rCorr Str+6
                  | Slay-3}
  5434 | D        | Identified the +1 dagger "Hellblazer" {flame, +Blink rPois
                  | Str+2 Int-2}
  5855 | D        | Bought a potion of heal wounds for 150 gold pieces
  5855 | D        | Bought a scroll labelled DOAGRET FUPTOM for 30 gold pieces
  5855 | D        | Bought a scroll labelled FIAFFO ULEUJ IQA for 30 gold
                  | pieces
  5855 | D        | Bought a scroll of identify for 60 gold pieces
  5904 | D        | Killed a lorocyproca
  5904 | D        | Received a gift from Trog
  6233 | D        | Paralysed by a floating eye for 4 turns
  6234 | D        | Received a gift from Trog
  6235 | D        | Reached skill level 15 in Armour
  6236 | D        | Gained mutation: You occasionally shout uncontrollably at
                  | your foes. [a shining eye]
  6249 | D        | Found Xodwokk's Assorted Antiques.
  6249 | D        | Found Jess's Antique Armour Boutique.
  6249 | D        | Found Cafel's Antique Armour Emporium.
  6250 | D        | Found Mieluluj's Jewellery Shop.
  6261 | D        | Bought a potion of haste for 180 gold pieces
  6261 | D        | Bought a scroll of identify for 36 gold pieces
  6261 | D        | Bought a scroll of identify for 36 gold pieces
  6263 | D        | Bought a runed hat for 182 gold pieces
  6270 | D        | Bought a pair of faintly glowing gloves for 237 gold pieces
  6270 | D        | Identified the +0 pair of gloves "Xomiq" {Drain +Inv rElec
                  | Int+4} (You bought it in a shop in the Dungeon)
  6272 | D        | Bought an amulet of reflection for 420 gold pieces
  6291 | D        | Bought an ichor-stained plate armour for 700 gold pieces
  6291 | D        | Identified the +11 plate armour of Tof Baco {Harm Rampage
                  | Will+} (You bought it in a shop in the Dungeon)
  6419 | D        | Killed Tiamat
  6502 | D        | Noticed Lom Lobon
  6746 | D        | Killed Lom Lobon
  6747 | D        | Reached skill level 25 in Maces & Flails
  7312 | D        | Got the Orb of Zot
  7340 | D        | Killed an Orb Guardian
  7352 | D        | Noticed an infernal black sun
  7357 | D        | Killed an infernal black sun
  7384 | D        | Escaped with the Orb!

Illustrated notes

Levels and vault maps discovered:
D:        dungeon_sprint_1 [red_sonja_temple_1, red_sonja_temple_small_1]

Skill      XL: |  1  2  3  4  5  6  7  8  9 10 11 12 13 |
---------------+----------------------------------------+-----
Fighting       | 5 7 9 11 13 15 16 18 20 22 24 | 24.2
Maces & Flails | 5 7 10 12 13 15 16 18 22 24 25 | 25.1
Armour         | 3 4 5 6 7 9 10 11 13 18 | 18.6
Dodging        | 3 4 6 7 8 9 10 11 12 | 12.4
Stealth        | 1 2 3 5 6 7 |  7.2
Evocations     | 1 3 |  3.1

Action                   |  1- 3 |  4- 6 |  7- 9 | 10-12 | 13-15 || total
-------------------------+-------+-------+-------+-------+-------++-------
Melee: Mace              |     6 |    19 |    37 |    12 |       ||    74
       Headbutt          |     1 |    10 |    10 |    41 |    15 ||    77
       Great mace        |       |       |       |   100 |       ||   100
       Dire flail        |       |       |       |    43 |    50 ||    93
Invok: Berserk           |     2 |     1 |     5 |    11 |     2 ||    21
       Brothers in Arms  |       |       |       |     3 |     8 ||    11
       Trog's Hand       |       |       |       |       |     1 ||     1
Evoke: Wand              |       |       |       |     1 |     3 ||     4
  Use: Scroll            |       |       |     1 |     4 |     3 ||     8
       Potion            |       |       |       |     2 |     3 ||     5
 Stab: Sleeping          |       |       |     1 |     1 |       ||     2
       Distracted        |       |       |       |       |     1 ||     1
Armor: Animal skin       |     1 |       |       |       |       ||     1
       Leather armour    |       |       |    22 |    21 |       ||    43
       Scale mail        |       |       |       |    24 |       ||    24
       Plate armour      |       |       |       |    68 |    23 ||    91
Dodge: Dodged            |     2 |     8 |    11 |    88 |    17 ||   126

Table legend: (Time is in decaauts)
 A = Elapsed time spent in this place.
 B = Non-inter-level travel time spent in this place.
 C = Inter-level travel time spent in this place.
 D = Time resting spent in this place.
 E = Time spent auto-exploring this place.
 F = Levels seen in this place.
 G = Mean time per level.
                   A        B        C        D        E       F      G
               +--------+--------+--------+--------+--------+-----+--------+
         Total |   7481 |   7481 |      0 |   4782 |     34 |   1 | 7481.0 |
       Dungeon |   7481 |   7481 |      0 |   4782 |     34 |   1 | 7481.0 |
               +--------+--------+--------+--------+--------+-----+--------+

Top non-repeatable levels by time:
       D: 7481 daAuts
